 Dungeon Crawl Stone Soup version 0.30.0-29-ga12c61a403 (webtiles) character file.

Game seed: 10110935031690453113

938 seaoflcl the Trooper (level 7, 0/56 HPs)
             Began as a Demonspawn Cinder Acolyte on June 16, 2023.
             Was a High Priest of Ignis.
             Slain by a jelly (1 damage)
             ... on level 6 of the Dungeon.
             The game lasted 00:06:25 (6124 turns).

seaoflcl the Trooper (Demonspawn Cinder Acolyte)    Turns: 6124, Time: 00:06:26

Health: 0/56       AC: -4    Str: 16    XL:     7   Next: 87%
Magic:  11/11      EV: 11    Int: 21    God:    Ignis [*****.]
Gold:   273        SH:  0    Dex:  9    Spells: 10/12 levels left

rFire   + . .        a - -1 hand axe (flame)
rCold   . . .        (no shield)
rNeg    . . .        y - quicksilver dragon scales
rPois   .            (no helmet)
rElec   .            m - scarf {repulsion}
rCorr   .            (no gloves)
SInv    .            (no boots)
Will    +....        (no amulet) Stlth
                     h - +6 ring of intelligence
HPRegen 0.29/turn    (no ring)
MPRegen 0.24/turn

%: repel missiles
@: corroded
A: claws 2, rugged brown scales 1, magic regeneration
a: Renounce Religion, Fiery Armour, Foxfire Swarm, Rising Flame


You were on level 6 of the Dungeon.
You worshipped Ignis.
Ignis was extremely pleased with you.
You visited 1 branch of the dungeon, and saw 6 of its levels.

You collected 273 gold pieces.

Inventory:

Hand Weapons
 a - a -1 hand axe of flaming (weapon)
Missiles
 b - 4 poisoned darts (quivered)
Armour
 d - a +0 chain mail
 j - a +0 plate armour
 m - a scarf of repulsion (worn)
 y - quicksilver dragon scales (worn)
Jewellery
 c - a +6 ring of intelligence
 h - a +6 ring of intelligence (left claw)
 w - a ring of protection from fire
Wands
 x - a wand of iceblast (5)
Scrolls
 k - 2 scrolls of teleportation
 n - 2 scrolls of enchant armour {unknown}
 o - a scroll of vulnerability
 s - 2 scrolls of immolation
 t - a scroll of amnesia
 v - a scroll of magic mapping {unknown}
 z - a scroll of fog {unknown}
 A - a scroll of acquirement {unknown}
 B - a scroll of identify
 C - a scroll of torment {unknown}
Potions
 e - a potion of resistance
 f - 2 potions of might
 g - a potion of degeneration {unknown}
 i - a potion of magic
 l - a potion of heal wounds {unknown}
 p - a potion of berserk rage {unknown}
 q - a potion of curing
 r - 2 potions of brilliance {unknown}
 u - a potion of mutation {unknown}


   Skills:
 + Level 4.6 Fighting
 + Level 4.2 Axes
 - Level 2.2 Throwing
 + Level 2.6 Armour
 + Level 2.4 Dodging
 + Level 3.2 Spellcasting
 + Level 4.1 Fire Magic
 + Level 1.3 Evocations


You had 10 spell levels left.
You knew the following spells:

 Your Spells              Type           Power      Damage    Failure   Level
a - Scorch                Fire           40%        2d7       7%          2

Your spell library contained the following spells:

 Spells                   Type           Power      Damage    Failure   Level
 Kiss of Death            Conj/Necr      12%        2d6       24%         1
 Slow                     Hex            12%        N/A       24%         1
 Ignite Poison            Fire/Tmut/Pois 9%         N/A       38%         3
 Call Canine Familiar     Summ           3%         N/A       58%         3
 Confusing Touch          Hex            3%         N/A       58%         3
 Portal Projectile        Hex/Tloc       6%         N/A       58%         3
 Vampiric Draining        Necr           3%         2d6       58%         3
 Sticky Flame             Conj/Fire      12%        2d4       71%         4
 Dispel Undead            Necr           3%         3d7       94%         4
 Leda's Liquefaction      Hex/Erth       1%         N/A       94%         4
 Petrify                  Tmut/Erth      3%         N/A       94%         4
 Metabolic Englaciation   Hex/Ice        1%         N/A       100%        5
 Statue Form              Tmut/Erth      2%         N/A       100%        6
 Ignition                 Fire           10%        3d5       100%        8


Dungeon Overview and Level Annotations

Branches:
Dungeon (6/15)
 Temple: D:4-7

Altars:

Annotations:
D:6 1 runed translucent door, exclusion: oklob plant, 5155yf4g's ghost, novice MiBe


Innate Abilities, Weirdness & Mutations

You have very sharp fingernails.
You are partially covered in rugged brown scales. (AC +1, +3% HP)
You regenerate magic rapidly.


Message History

The endoplasm hits you but does no damage.
You hit the jelly but do no damage.
Your claws burn!
The jelly hits you but does no damage. x2
You hit the jelly. You burn the jelly.
Your claws burn!
The jelly is moderately wounded.
The jelly hits you but does no damage.
You hit the jelly. You burn the jelly.
Your claws burn!
The jelly is severely wounded.
The jelly hits you. The acid corrodes you!
You are splashed with acid!
Really renounce your faith, foregoing its fabulous benefits?
Okay, then.
Okay, then.
Okay, then.
You hit the jelly but do no damage. The acid corrodes you!
Your claws burn!
The jelly is severely wounded.
The jelly closely misses you.
You hit the jelly but do no damage. The acid corrodes you!
Your claws burn!
The jelly is severely wounded.
The jelly hits you.
You are splashed with acid!
You hit the jelly but do no damage. The acid corrodes you!
Your claws burn!
The jelly is severely wounded.
The jelly misses you.
You hit the jelly but do no damage.
Your claws burn!
The jelly is severely wounded.
The jelly barely misses you.
You hit the jelly but do no damage.
Your claws burn!
The jelly is severely wounded.
The jelly hits you.
You are splashed with acid!
* * * LOW HITPOINT WARNING * * *
You barely miss the jelly.
The jelly is severely wounded.
The jelly hits you.
* * * LOW HITPOINT WARNING * * *
You are splashed with acid!
* * * LOW HITPOINT WARNING * * *
You hit the jelly but do no damage. The acid corrodes you!
Your claws burn!
* * * LOW HITPOINT WARNING * * *
The jelly is severely wounded.
The jelly hits you.
You die...

#.....#
#........#
#.....#
#........#
#.....#
#........#
#(.)..#
#........#
#.....#
#........#
#.....#
#........#
##.####
########.#
#.# #@#
#J# #J#
### #J#
#.JP# ##J#


PJJJPJ##JJ# PPPJJ.'.J## JJJPP.#### #JJP# You could see 3 jellies and 4
endoplasms.

Vanquished Creatures
  2 black bears
  2 ice beasts (D:6)
  A centaur (D:5)
  A phantom (D:4)
  2 scorpions
  2 jellies
  3 hounds
  An iguana (D:6)
  6 adders
  A gnoll (D:5)
  3 worms
  An orc (D:5)
  7 ball pythons
  7 endoplasms
  2 giant cockroaches (D:1)
  4 goblins
  4 hobgoblins
  A jackal (D:2)
  8 kobolds
  2 quokkas
  7 bats
  2 frilled lizards
  8 rats
77 creatures vanquished.

Notes
Turn   | Place    | Note
-------+----------+-------------------------------------------
     0 | D:1      | seaoflcl the Demonspawn Cinder Acolyte began the quest for
                  | the Orb.
     0 | D:1      | Reached XP level 1. HP: 18/18 MP: 2/2
   324 | D:1      | Gained mutation: You regenerate magic rapidly. [demonic
                  | ancestry]
   324 | D:1      | Reached XP level 2. HP: 17/24 MP: 3/3
  1127 | D:2      | Gained mutation: You have sharp fingernails. [demonic
                  | ancestry]
  1127 | D:2      | Reached XP level 3. HP: 28/29 MP: 5/5
  2046 | D:3      | Gained mutation: You have very sharp fingernails. [demonic
                  | ancestry]
  2046 | D:3      | Reached XP level 4. HP: 35/35 MP: 6/6
  2234 | D:3      | Reached skill level 1 in Throwing
  2401 | D:3      | Reached skill level 1 in Armour
  2573 | D:3      | Reached XP level 5. HP: 26/41 MP: 8/8
  2673 | D:4      | Noticed a phantom
  2730 | D:4      | Killed a phantom
  2731 | D:4      | Reached skill level 1 in Dodging
  3131 | D:4      | Reached XP level 6. HP: 46/48 MP: 9/9
  3239 | D:5      | Entered Level 5 of the Dungeon
  3627 | D:5      | HP: 2/48 [poisoned by a scorpion]
  4213 | D:5      | Paralysed by a centaur for 2 turns
  4221 | D:5      | Paralysed by a centaur for 4 turns
  4223 | D:5      | HP: 1/48 [centaur (5)]
  4236 | D:5      | Gained mutation: You are partially covered in rugged brown
                  | scales. (AC +1, +3% HP) [demonic ancestry]
  4236 | D:5      | Reached XP level 7. HP: 4/55 MP: 9/11
  5637 | D:6      | Reached skill level 1 in Evocations
  5739 | D:6      | Learned a level 2 spell: Scorch
  5942 | D:6      | Noticed 5155yf4g's ghost (novice MiBe)
  5945 | D:6      | Found a runed translucent door.
  6105 | D:6      | Noticed an oklob plant
  6123 | D:6      | HP: 2/56 [acid (8)]
  6124 | D:6      | Slain by a jelly

Illustrated notes

Levels and vault maps discovered:
D:1:      doesnt_arrival_eight_statues, layout_rooms, grunt_decor_arrowhead
D:2:      layout_loops_ring, kennysheep_path_1, minmay_split_cup_small
D:3:      layout_loops_ring, wander_ebering_terrifying_dragon_lair
D:4:      layout_basic, grunt_temple_overflow_growth_and_decay,
          mainiacjoe_overflow_six_doors_small, temple_green, kennysheep_nub
D:5:      layout_basic, minmay_misc_feat_roman
D:6:      lemuel_slime, layout_rooms, hellmonk_ghost_happy_afterlife

Skill      XL: |  1  2  3  4  5  6  7 |
---------------+----------------------+-----
Fire Magic     | 3 4 |  4.1
Axes           | 3 4 |  4.2
Throwing       | 1 2 |  2.2
Armour         | 1 2 |  2.6
Spellcasting   | 2 3 |  3.2
Dodging        | 1 2 |  2.4
Fighting       | 4 |  4.6
Evocations     | 1 |  1.3

Action                     |  1- 3 |  4- 6 |  7- 9 || total
---------------------------+-------+-------+-------++-------
  Melee: Hand axe          |   135 |   154 |    99 ||   388
         Punch             |     1 |     1 |     1 ||     3
 Invoke: Fiery Armour      |       |       |     1 ||     1
    Use: Scroll            |       |     4 |     1 ||     5
         Potion            |       |     3 |       ||     3
 Armour: Robe              |    14 |       |       ||    14
         Chain mail        |    84 |   103 |    23 ||   210
         Quicksilver drago |       |       |    55 ||    55
  Dodge: Dodged            |    56 |    67 |    73 ||   196
